 Dungeon Crawl Stone Soup version 0.27.1-2-g3b301248ec (webtiles) character file.

Game seed: 9236333285096038712

57 pkoi the Chopper (level 3, 0/30 HPs)
             Began as a Minotaur Gladiator on Oct 3, 2021.
             Slain by a goblin (2 damage)
             ... led by Robin
             ... on level 2 of the Dungeon.
             The game lasted 00:01:52 (1494 turns).

pkoi the Chopper (Minotaur Gladiator)               Turns: 1494, Time: 00:01:54

Health: 0/30       AC:  8    Str: 19    XL:     3   Next: 73%
Magic:  2/2        EV:  8    Int:  5    God:
Gold:   25         SH:  0    Dex: 11    Spells: 2/2 levels left

rFire    . . .     SeeInvis .   a - +0 war axe
rCold    . . .     Faith    .   (no shield)
rNeg     . . .     Spirit   .   g - +0 chain mail
rPois    .         Reflect  .   c - +0 hat
rElec    .         Harm     .   (no cloak)
rCorr    .         Rampage  .   (no gloves)
Will     .....                  (no boots)
Stlth    ..........             (no amulet)
HPRegen  0.10/turn              (no ring)
MPRegen  0.08/turn              (no ring)

@: lethally poisoned (0 -> -13)
A: horns 2, retaliatory headbutt
a: no special abilities


You were on level 2 of the Dungeon.
You visited 1 branch of the dungeon, and saw 2 of its levels.

You collected 25 gold pieces.

Inventory:

Hand Weapons
 a - a +0 war axe (weapon)
Missiles
 d - 3 throwing nets (quivered)
 h - 5 boomerangs
Armour
 b - a +0 leather armour
 c - a +0 hat (worn)
 g - a +0 chain mail (worn)
Potions
 e - 2 potions of flight {unknown}
 f - a potion of curing {unknown}
 i - a potion of berserk rage {unknown}


   Skills:
 - Level 2.4 Fighting
 + Level 5.7 Axes
 - Level 2.0 Throwing
 - Level 3.2 Dodging


You had 2 spell levels left.
You didn't know any spells.
Your spell library contained the following spells:

 Spells                   Type           Power      Damage    Failure   Level
 Blink                    Tloc           N/A        N/A       100%        2
 Lesser Beckoning         Tloc           0%         N/A       100%        3
 Manifold Assault         Tloc           0%         N/A       100%        5


Dungeon Overview and Level Annotations

Branches:
Dungeon (2/15)

Altars:
Uskayaw

Annotations:
D:2 Sigmund


Innate Abilities, Weirdness & Mutations

You have a pair of horns on your head.
You reflexively headbutt those who attack you in melee.


Message History

Your chain mail prevents you from hitting the goblin.
You headbutt the goblin.
You kill the goblin!
You slash the goblin!
You kill the goblin!
Robin throws the goblin at you!
The goblin unwields a +0 hunting sling.
The goblin wields a +0 dagger.
The goblin hits you but does no damage.
You miss the goblin. You barely miss Robin. You closely miss the goblin.
The goblin hits you but does no damage.
The goblin unwields a +0 hunting sling.
The goblin wields a +0 dagger.
The goblin hits you with a +0 dagger.
You miss the goblin. You completely miss Robin. You hit the hobgoblin.
You slash the goblin!
You kill the goblin!
The goblin hits you but does no damage. Robin hits you but does no damage.
The goblin hits you with a +0 dagger.
You hit the goblin.
You kill the goblin!
Your chain mail prevents you from hitting the hobgoblin.
You hit Robin. Robin throws the goblin at you!
The hobgoblin hits you but does no damage.
Sigmund barely misses you. The goblin hits you but does no damage.
Unknown command.
Unknown command.
You hit Robin.
Robin is lightly wounded.
You hit the hobgoblin. You closely miss the goblin.
Robin hits you with a +0 whip.
* * * LOW HITPOINT WARNING * * *
The hobgoblin hits you but does no damage.
The goblin hits you but does no damage. Robin hits you with a +0 whip.
* * * LOW HITPOINT WARNING * * *
You slash Robin! You headbutt Robin.
You kill Robin!
You closely miss the goblin. You closely miss the hobgoblin.
The hobgoblin hits you but does no damage.
Sigmund hits you from afar with a +1 scythe of venom!
* * * LOW HITPOINT WARNING * * *
You are lethally poisoned!
The goblin hits you with a +0 club.
You die...

#... ........ ...##...... .
......... .. ........ ...
....... .### .... @.. #..#
.#.#..##.###†#####..#########
..........g@)..##..#........
#..#.#.###g###.##..#.#######
#..# #.#.#.#.#.##..#.#
#..###.#.#.#.#.....#.#
#....................#
#............).###...#
#..###.###.###.......#
#....#...#.#...).....#######
#..###.###.###.......<......


You could see Sigmund, a hobgoblin (strong) and a goblin (strong).

Vanquished Creatures
  Robin (D:2)
  An adder (D:2)
  2 dart slugs (D:2)
  4 ball pythons (D:2)
  4 bats
  6 endoplasms
  2 hobgoblins
  3 quokkas
  3 frilled lizards
  9 goblins
  3 kobolds (D:1)
  2 rats (D:2)
40 creatures vanquished.

Notes
Turn   | Place    | Note
-------+----------+-------------------------------------------
     0 | D:1      | pkoi the Minotaur Gladiator began the quest for the Orb.
     0 | D:1      | Reached XP level 1. HP: 18/18 MP: 0/0
   211 | D:1      | Reached skill level 4 in Axes
   494 | D:1      | Reached XP level 2. HP: 20/25 MP: 1/1
   588 | D:1      | You fall into a shaft and drop 1 floor!
   598 | D:2      | Found a hide-covered altar of Uskayaw.
   877 | D:2      | Noticed Sigmund
  1155 | D:2      | Reached skill level 5 in Axes
  1321 | D:2      | Reached XP level 3. HP: 29/30 MP: 2/2
  1480 | D:2      | Noticed Robin
  1494 | D:2      | Killed Robin
  1494 | D:2      | Slain by a goblin

Illustrated notes

Levels and vault maps discovered:
D:1:      co_arrival_square_in_a_square_in_a_square, layout_basic,
          chequers_mini_garden
D:2:      layout_loops_ring, basic_altar, chequers_serial_rivers_large_a,
          minmay_misc_feat_nine_boxes, uniq_natasha, uniq_sigmund, uniq_robin,
          uniq_crazy_yiuf_cottage

Skill      XL: |  1  2 |
---------------+-------+-----
Axes           | 4 5 |  5.7
Fighting       | |  2.4
Throwing       | |  2.0
Dodging        | |  3.2

Action                   || total
-------------------------++-------
Melee: War axe           ||    69
       Headbutt          ||    10
Armor: Leather armour    ||     4
       Chain mail        ||    52
Dodge: Dodged            ||    35
